 Dungeon Crawl Stone Soup version 0.25-a0-635-g0c6c292 (webtiles) character file.

Game seed: 9830352142322269921, levelgen mode: deterministic

2 Berder the Grasshopper (level 1, 0/12 HPs)
             Began as a Kobold Warper on Mar 20, 2020.
             Slain by a jackal (3 damage)
             ... on level 1 of the Dungeon.
             The game lasted 00:00:59 (71 turns).

Berder the Grasshopper (Kobold Warper)                Turns: 71, Time: 00:01:00

Health: 0/12       AC:  3    Str:  8    XL:     1   Next: 33%
Magic:  3/3        EV: 14    Int: 14    God:
Gold:   0          SH:  0    Dex: 14    Spells: 4/4 levels left

rFire    . . .     SeeInvis .   a - +0 short sword
rCold    . . .     Gourm    .   (shield restricted)
rNeg     . . .     Faith    .   b - +0 leather armour
rPois    .         Spirit   .   (no helmet)
rElec    .         Reflect  .   (no cloak)
rCorr    .         Harm     .   (no gloves)
MR       .....                  (no boots)
Stlth    +.........             (no amulet)
HPRegen  0.04/turn              (no ring)
MPRegen  0.08/turn              (no ring)

@: no status effects
A: small, carnivore
a: no special abilities


You were on level 1 of the Dungeon.
You were full.

You visited 1 branch of the dungeon, and saw 1 of its levels.

Inventory:

Hand Weapons
 a - a +0 short sword (weapon)
Missiles
 e - a boomerang of dispersal (quivered)
Armour
 b - a +0 leather armour (worn)
Scrolls
 c - 2 scrolls of identify {unknown}
 d - a scroll of blinking
Comestibles
 f - a ration


   Skills:
 - Level 2.1 Fighting
 - Level 2.8 Short Blades
 - Level 1.1 Throwing
 - Level 0.7 Armour
 - Level 2.4 Dodging
 + Level 0.8 Stealth
 - Level 2.1 Spellcasting
   Level 3.0 Translocations


You had 4 spell levels left.
You didn't know any spells.
Your spell library contained the following spells:

 Spells                   Type           Power        Failure   Level  Hunger
 Blink                    Tloc           N/A          14%         2    ###....
 Shroud of Golubria       Chrm/Tloc      #.....       26%         2    ###....
 Gell's Gravitas          Tloc           #.........   28%         3    ###....
 Lesser Beckoning         Tloc           #.........   28%         3    ###....
 Teleport Other           Tloc           #.......     28%         3    ###....
 Passage of Golubria      Tloc           N/A          67%         4    #####..


Dungeon Overview and Level Annotations

Branches:
Dungeon (1/15)

Altars:


Innate Abilities, Weirdness & Mutations

You are small and have problems with some larger weapons.
You are carnivorous and can eat meat at any time.


Message History

No command named 'CMD_PRAY' Welcome, Berder the Kobold Warper.
The bosom of this dungeon contains the fabled artefact, the Orb of Zot.
Press ? for a list of commands and other information.
Found a scroll labeled MOBBUSMUGOZ.
Found a staircase leading out of the dungeon.
c - a scroll labeled MOBBUSMUGOZ You open the door.
There is an open door here.
A rat comes into view.
Found a black potion.
A kobold comes into view.
The rat bites you but does no damage.
You barely miss the rat. The rat barely misses you.
You barely miss the rat. The rat misses you.
You closely miss the rat. The rat barely misses you.
You hit the rat.
The rat is severely wounded.
The rat bites you but does no damage.
You hit the rat.
You kill the rat!
No target in view!
There is an open door here.
There is a staircase leading out of the dungeon here.
You open the door.
A goblin comes into view.
Found a scroll labeled MOBBUSMUGOZ.
Unknown command.
The goblin shouts!
Found a club.
There is an open door here.
You hit the goblin.
The goblin is moderately wounded.
The goblin misses you.
You hit the goblin.
You kill the goblin!
No target in view!
You see here a goblin corpse.
You butcher the goblin corpse.
g - 3 chunks of flesh You see here a goblin skeleton.
There isn't anything to butcher here.
Unknown command.
Unknown command.
Unknown command.
Unknown command.
c - 2 scrolls labeled MOBBUSMUGOZ (gained 1) Eating one of 3 chunks of flesh.
You eat one of the 3 chunks of flesh.
This raw flesh tastes great.
Eating one of 2 chunks of flesh.
You eat one of the 2 chunks of flesh.
This raw flesh tastes great.
Eating a chunk of flesh.
You eat the chunk of flesh.
This raw flesh tastes great.
A jackal comes into view.
The jackal barks!
A jackal comes into view.
Unknown command.
You see here a goblin skeleton.
You closely miss the jackal. The jackal closely misses you.
You closely miss the jackal. The jackal bites you.
The jackal barely misses you.
There is an open door here.
You closely miss the jackal. The jackal bites you.
You are too injured to fight recklessly!
You are too injured to fight recklessly!
Throwing (i - inventory)
e - 5 boomerangs of dispersal (quivered)
Press: ? - help, Shift-Dir - straight line, f - jackal
Aim: a jackal You throw a boomerang of dispersal.
The boomerang of dispersal hits the jackal.
The jackal blinks!
The jackal is moderately wounded.
Unknown command.
The jackal barely misses you.
Unknown command.
Throwing (i - inventory)
e - 4 boomerangs of dispersal (quivered)
Press: ? - help, Shift-Dir - straight line, f - jackal, p - jackal
Aim: a jackal You throw a boomerang of dispersal.
The boomerang of dispersal closely misses the jackal.
The jackal completely misses you. The jackal bites you.
The jackal barely misses you.
Unknown command.
Throwing (i - inventory)
e - 3 boomerangs of dispersal (quivered)
Press: ? - help, Shift-Dir - straight line, f/p - jackal
Aim: a jackal You throw a boomerang of dispersal.
The boomerang of dispersal hits the jackal.
The jackal blinks!
The jackal barely misses you. The jackal bites you.
Unknown command.
You close the door.
The jackal closely misses you. The jackal bites you.
* * * LOW HITPOINT WARNING * * *
Unknown command.
You don't know any spells.
Unknown command.
You don't know any spells.
Unknown command.
Unknown command.
Throwing (i - inventory)
e - 2 boomerangs of dispersal (quivered)
Press: ? - help, Shift-Dir - straight line, f - jackal
Aim: a jackal (moderately wounded)
You throw a boomerang of dispersal.
The boomerang of dispersal closely misses the jackal.
The jackal bites you.
You die...

#.......... ..... #.....# #.#
#.... #...#
#.###############....
##..###h##...........##....
#...##.##...........##....
#.#..#.##...........##....
#.#....##...........##...#
#.#....#.##...........###...
#........h+@....<.....'...#.
.....).....##.h.........##..#
.#.........##...........##.##
##.#......##...........##..
#.#......##...........##..# #
#......##...........##..#
###.##.###############..# ..
#.# #..# ....


You could see a jackal.

Vanquished Creatures
  A goblin (D:1)
  A rat (D:1)
2 creatures vanquished.

Notes
Turn   | Place    | Note
-------+----------+-------------------------------------------
     0 | D:1      | Berder the Kobold Warper began the quest for the Orb.
     0 | D:1      | Reached XP level 1. HP: 12/12 MP: 3/3
    71 | D:1      | Slain by a jackal

Levels and vault maps discovered:
D:1:      psy_arrival_statuary, layout_rooms, minmay_cupped

Action                   || total
-------------------------++-------
Melee: Short sword       ||    10
Throw: Boomerang         ||     4
  Eat: Chunk             ||     3
Armor: Leather armour    ||     2
Dodge: Dodged            ||    11

Table legend:
 A = Non-vault XP
 B = Vault XP
 C = Vault XP percentage of total XP
 D = Non-vault monster count
 E = Vault monster count
 F = Vault count percentage of total count
                 A         B        C        D         E       F
            +---------+---------+-------+---------+---------+-------
      Total |       3 |       0 |   0.0 |       2 |       0 |   0.0
            +---------+---------+-------+---------+---------+-------
        D:1 |       3 |       0 |   0.0 |       2 |       0 |   0.0
            +---------+---------+-------+---------+---------+-------
